 Dungeon Crawl Stone Soup version 0.22-a0-448-g1fb7470 (webtiles) character file.

1540 galech the Skirmisher (level 8, 0/126 HPs)
             Began as an Ogre Berserker on June 4, 2018.
             Was a Priest of Trog.
             Slain by an orc wizard
             ... wielding a +0 dagger
              (5 damage)
             ... on level 7 of the Dungeon.
             The game lasted 00:13:40 (8750 turns).

galech the Skirmisher (Ogre Berserker)              Turns: 8750, Time: 00:13:41

Health: 0/126      AC:  3    Str: 29    XL:     8   Next: 86%
Magic:  8/8        EV:  8    Int: 10    God:    Trog [***...]
Gold:   298        SH: 16    Dex:  8    Spells: 7/7 levels left

rFire    . . .     SeeInvis .   a - +0 mace
rCold    . . .     Gourm    .   e - +0 large shield
rNeg     . . .     Faith    .   l - +0 robe (curse)
rPois    .         Spirit   .   (helmet restricted)
rElec    .         Reflect  .   (no cloak)
rCorr    +         Harm     .   (gloves unavailable)
MR       ++...                  (boots unavailable)
Stlth    ..........             y - amulet of the acrobat
HPRegen  1.31/turn              A - ring of resist corrosion
MPRegen  0.11/turn              B - ring of stealth

@: berserking, regenerating, very quick
A: large, unfitting armour, clever 1, tough skin 1, sturdy frame 1
a: Berserk, Trog's Hand, Renounce Religion


You were on level 7 of the Dungeon.
You worshipped Trog.
Trog was most pleased with you.
You were near starving.

You visited 1 branch of the dungeon, and saw 7 of its levels.

You collected 298 gold pieces.

Inventory:

Hand Weapons
 a - a +0 mace (weapon)
Armour
 b - a +0 animal skin
 e - a +0 large shield (worn)
 l - a cursed +0 robe (worn)
Jewellery
 j - an uncursed ring of ice
 m - an uncursed ring of ice
 y - an amulet of the acrobat (around neck)
 A - a ring of resist corrosion (left hand)
 B - a ring of stealth (right hand)
 F - an uncursed ring of fire
Wands
 q - a wand of iceblast (7)
 w - a wand of polymorph (10)
Scrolls
 i - 2 scrolls of enchant weapon
 k - a scroll of remove curse
 n - a scroll of noise
 o - a scroll of amnesia
 u - 5 scrolls of teleportation
 z - a scroll of fear
 D - a scroll of magic mapping
Potions
 d - a potion of magic
 f - 3 potions of agility {unknown}
 g - 4 potions of curing
 h - 2 potions of flight {unknown}
 p - 3 potions of might {unknown}
 r - 2 potions of cancellation {unknown}
 s - 2 potions of resistance
 t - 4 potions of heal wounds {unknown}
 v - 3 potions of lignification {unknown}
 C - a potion of invisibility {unknown}
 E - a potion of haste {unknown}
Comestibles
 c - 11 rations


   Skills:
 + Level 6.8 Fighting
 + Level 6.1 Maces & Flails
 + Level 5.0 Dodging
 + Level 1.2 Stealth
 + Level 5.3 Shields
 + Level 0.2 Unarmed Combat


You had 7 spell levels left.
You didn't know any spells.
Your spell library was empty.

Dungeon Overview and Level Annotations

Branches:
Dungeon (7/15)             Temple (0/1) D:6

Altars:
Cheibriados
Okawaru
Sif Muna
Trog
Vehumet


Innate Abilities, Weirdness & Mutations

You are too large for most types of armour.
You have tough skin. (AC +1)
Your mind is acute. (Int +2)
Your movements are slightly less encumbered by armour. (ER -2)


Message History

The orc wizard casts a spell at you. The magic dart hits you!
* * * LOW HITPOINT WARNING * * *
Something hits you but does no damage.
Okay, then.
You closely miss something. Something hits you but does no damage.
Your skin crawls.
You feel resistant to hostile enchantments.
You feel somewhat more hungry. Something hits you.
* * * LOW HITPOINT WARNING * * *
A red film seems to cover your vision as you go berserk!
You feel yourself moving faster!
You feel mighty!
You are near starving!
Something hits you but does no damage. The orc wizard barely misses you.
You miss something. You block the orc wizard's attack. Something hits you.
* * * LOW HITPOINT WARNING * * *
Your shield prevents you from hitting something.
The orc wizard hits you but does no damage.
Something hits you.
You die...

##.#.#.#..
#........#
##.#.#.###
##...##
##.## #.#
###.#####.#
......o...#
##.###@###
#)# #.# #.#
#.# #.. ###


You could see an orc wizard.

Vanquished Creatures
  An orc warrior (D:3)
  An ogre (D:4)
  4 centaurs
  2 scorpions
  A howler monkey (D:5)
  2 crimson imps (D:5)
  A bullfrog zombie (D:5)
  A centaur zombie (D:5)
  5 hounds
  4 orc priests
  4 orc wizards
  A bullfrog skeleton (D:6)
  Ijyb (D:3)
  Natasha (thrice) (D:2 D:4)
  An iguana (D:5)
  A worker ant zombie (D:7)
  8 adders
  2 gnolls (D:6)
  A shadow imp (D:5)
  A worm (D:2)
  3 dart slugs
  3 leopard geckos
  24 orcs
  A ball python (D:1)
  4 giant cockroaches
  16 goblins
  10 hobgoblins
  3 jackals (D:3)
  2 quokkas
  8 bats
  6 frilled lizards
  13 kobolds
  A leopard gecko zombie (D:5)
  6 rats
145 creatures vanquished.

Vanquished Creatures (others)
  A wizard (D:4)
  A rat (D:1)
2 creatures vanquished.

Grand Total: 147 creatures vanquished

Notes
Turn   | Place    | Note
-------+----------+-------------------------------------------
     0 | D:1      | galech the Ogre Berserker began the quest for the Orb.
     0 | D:1      | Reached XP level 1. HP: 24/24 MP: 1/1
    91 | D:1      | Reached XP level 2. HP: 30/32 MP: 2/2
  1015 | D:2      | Noticed Natasha
  1022 | D:2      | Noticed a crimson imp
  1023 | D:2      | Killed Natasha
  1023 | D:2      | Reached XP level 3. HP: 31/40 MP: 3/3
  1185 | D:2      | Noticed Natasha
  1195 | D:2      | Killed Natasha
  1195 | D:2      | Reached XP level 4. HP: 26/49 MP: 4/4
  1376 | D:2      | Reached ** piety under Trog
  1627 | D:2      | Reached skill level 1 in Shields
  1950 | D:2      | Reached XP level 5. HP: 50/55 MP: 5/5
  3377 | D:3      | Reached skill level 5 in Fighting
  3886 | D:3      | Reached XP level 6. HP: 61/66 MP: 6/6
  4400 | D:3      | Noticed an orc warrior
  4416 | D:3      | Killed an orc warrior
  4628 | D:3      | Noticed Ijyb
  4654 | D:3      | Killed Ijyb
  4924 | D:4      | Reached *** piety under Trog
  4924 | D:4      | Reached XP level 7. HP: 72/72 MP: 7/7
  5256 | D:4      | Found a snail-covered altar of Cheibriados.
  5309 | D:4      | Noticed Natasha
  5320 | D:4      | Killed Natasha
  5686 | D:4      | Found a bloodstained altar of Trog.
  5689 | D:4      | Noticed a wizard
  5694 | D:4      | Killed a wizard
  5863 | D:5      | Entered Level 5 of the Dungeon
  5960 | D:5      | Reached skill level 5 in Maces & Flails
  6154 | D:5      | Reached XP level 8. HP: 49/83 MP: 8/8
  7057 | D:5      | Gained mutation: Your mind is acute. (Int +2) [potion of mutation]
  7057 | D:5      | Gained mutation: Your movements are slightly less encumbered by armour. (ER -2) [potion of mutation]
  7111 | D:5      | Reached skill level 1 in Stealth
  7991 | D:6      | Found a radiant altar of Vehumet.
  8004 | D:6      | Reached skill level 5 in Shields
  8026 | D:6      | Found a staircase to the Ecumenical Temple.
  8029 | D:6      | Found a deep blue altar of Sif Muna.
  8330 | D:6      | Found an iron altar of Okawaru.
  8709 | D:7      | Reached skill level 5 in Dodging
  8745 | D:7      | HP: 2/84 [orc wizard/magic dart (11)]
  8750 | D:7      | Slain by an orc wizard

Vault maps used:
D:1:      lightli_molten_gateway, lemuel_flame_loot_1
D:2:      uniq_natasha
D:3:      kennysheep_goblin_castle, minmay_misc_feat_ornament, corexii_shack
D:4:      old_standard_altar, trog_wizard
D:5:      first_ration
D:6:      lemuel_upstairs_altar, okawaru_altar_gauntlet_db,
          kennysheep_mini_moat, minmay_temple_entry_butterflies, basic_altar,
          minmay_misc_feat_room
D:7:      fedhas_bush_and_centaur_altar, kennysheep_little_box, the_bakery,
          roderic_lattice_a, uniq_pikel

Skill      XL: |  1  2  3  4  5  6  7  8 |
---------------+-------------------------+-----
Maces & Flails | 3 4 5 6 |  6.1
Dodging        | 3 4 5 |  5.0
Shields        | 1 2 3 5 |  5.3
Fighting       | 5 6 |  6.8
Stealth        | 1 |  1.2
Unarmed Combat | |  0.2

Action                   |  1- 3 |  4- 6 |  7- 9 || total
-------------------------+-------+-------+-------++-------
Melee: Mace              |    88 |   263 |   295 ||   646
       Unarmed           |       |    16 |       ||    16
Invok: Berserk           |     1 |     4 |     4 ||     9
       Trog's Hand       |       |     2 |     2 ||     4
  Use: Scroll            |       |       |    10 ||    10
       Potion            |       |       |     1 ||     1
 Stab: Distracted        |       |     1 |       ||     1
       Sleeping          |       |       |     1 ||     1
  Eat: Chunk             |     2 |    16 |    16 ||    34
Armor: Animal skin       |    25 |    71 |     7 ||   103
       Robe              |       |       |    29 ||    29
Dodge: Dodged            |    14 |    72 |    84 ||   170
Block: Large shield      |    49 |   241 |   248 ||   538

Table legend:
 A = Spawn XP
 B = Non-spawn XP
 C = Spawn XP percentage of total XP
 D = Spawn monster count
 E = Non-spawn monster count
 F = Spawn count percentage of total count
 G = Total turns spent on level
                    A         B        C        D         E        F      G
               +---------+---------+-------+---------+---------+-------+---------
         Total |       0 |    2200 |   0.0 |       0 |     145 |   0.0 |  8750
               +---------+---------+-------+---------+---------+-------+---------
           D:1 |       0 |      33 |   0.0 |       0 |      18 |   0.0 |  1015
           D:2 |       0 |     195 |   0.0 |       0 |      36 |   0.0 |  2841
           D:3 |       0 |     352 |   0.0 |       0 |      37 |   0.0 |  1172
           D:4 |       0 |     311 |   0.0 |       0 |      19 |   0.0 |  1053
           D:5 |       0 |     751 |   0.0 |       0 |      19 |   0.0 |  1367
           D:6 |       0 |     461 |   0.0 |       0 |      13 |   0.0 |  1246
           D:7 |       0 |      97 |   0.0 |       0 |       3 |   0.0 |    56
               +---------+---------+-------+---------+---------+-------+---------
